 Dungeon Crawl Stone Soup version 0.24-a0-415-g6d73c25c48 (webtiles) character file.

Game seed: 5495078973328396073

6414 Kuinu the Cleaver (level 10, -6/91 HPs)
             Began as a White Draconian Berserker on June 7, 2019.
             Was an Elder of Trog.
             Killed by divine providence
             ... invoked by an orc priest
              (15 damage)
             ... on level 10 of the Dungeon.
             The game lasted 00:24:44 (9423 turns).

Kuinu the Cleaver (White Draconian Berserker)       Turns: 9423, Time: 00:24:45

Health: -6/91      AC: 15    Str: 26    XL:     10   Next: 66%
Magic:  10/10      EV: 12    Int:  7    God:    Trog [****..]
Gold:   241        SH:  8    Dex: 11    Spells: 9/9 levels left

rFire    . . .     SeeInvis +   d - +0 war axe (chop)
rCold    + . .     Gourm    .   i - +0 shield
rNeg     . . .     Faith    .   (armour unavailable)
rPois    .         Spirit   .   (helmet restricted)
rElec    .         Reflect  .   v - +1 cloak
rCorr    .         Harm     .   x - +2 pair of gloves {Str+3}
MR       +....                  L - +2 pair of boots {Stlth+}
Stlth    +++.......             (no amulet)
HPRegen  0.25/turn              w - ring of see invisible
MPRegen  0.12/turn              J - ring of protection from magic

@: berserk cooldown, slowed, very slow
A: breathe frost, unfitting armour, cold resistance 1, cold-blooded, AC +7
a: Breathe Frost, Berserk, Trog's Hand, Brothers in Arms, Renounce Religion


You were on level 10 of the Dungeon.
You worshipped Trog.
Trog was greatly pleased with you.
You were hungry.

You visited 1 branch of the dungeon, and saw 10 of its levels.

You collected 520 gold pieces.
You spent 279 gold pieces at shops.

Inventory:

Hand Weapons
 a - a +0 hand axe
 d - a +0 war axe of chopping (weapon)
 j - a +1 mace of holy wrath
Armour
 i - a +0 shield (worn)
 v - a +1 cloak (worn)
 x - a +2 pair of gloves of strength (worn)
 L - a +2 pair of boots of stealth (worn)
Jewellery
 p - an uncursed ring of ice
 q - an uncursed ring of flight
 w - a ring of see invisible (left hand)
 J - a ring of protection from magic (right hand)
Wands
 b - a wand of acid (26)
 A - a wand of iceblast (12)
 F - a wand of digging (10)
 G - a wand of enslavement (5)
 M - a wand of flame (10)
Scrolls
 e - 2 scrolls of amnesia
 g - 2 scrolls of enchant weapon
 k - a scroll of random uselessness
 r - a scroll of noise
 y - a scroll of teleportation {unknown}
 z - a scroll of remove curse
 C - a scroll of blinking {unknown}
 D - a scroll of acquirement {unknown}
 E - a scroll of identify
 I - a scroll of magic mapping {unknown}
 K - a scroll of vulnerability {unknown}
Potions
 c - 2 potions of flight
 f - a potion of lignification
 l - a potion of ambrosia
 m - a potion of heal wounds
 n - 2 potions of brilliance
 s - 2 potions of invisibility
 t - 2 potions of mutation
 u - 2 potions of magic
 B - a potion of berserk rage
 N - a potion of agility {unknown}
Comestibles
 o - 8 rations
 H - 8 chunks of flesh


   Skills:
 * Level 9.2 Fighting
 * Level 11.7 Axes
 - Level 0.2(7.5) Maces & Flails
 + Level 7.3 Dodging
 - Level 3.4 Stealth
 - Level 1.2 Shields


You had 9 spell levels left.
You didn't know any spells.
Your spell library was empty.

Dungeon Overview and Level Annotations

Branches:
Dungeon (10/15)            Temple (0/1) D:4
   Lair: D:8-11         Orc: D:9-12

Altars:
Gozag
Makhleb
Ru
Vehumet

Shops:
D:5 [   D:6 *   D:7 }

Annotations:
D:7 3 runed translucent doors, Tenar's ghost, novice GrFE


Innate Abilities, Weirdness & Mutations

You can breathe waves of freezing cold.
You can buffet flying creatures when you breathe cold.
Your icy white scales are hard. (AC +7)
You cannot fit into any form of body armour.
Your flesh is cold resistant. (rC+)
You are cold-blooded and may be slowed by cold attacks.


Message History

Unknown command.
A troll comes into view.
You block the warg's attack. The warg misses you. The warg bites you!
The hippogriff bites you but does no damage.
The hippogriff pecks you but does no damage.
The hippogriff barely misses you.
The orc priest begins to cast a cantrip, but forgets the words!
You see here 21 stones.
As you read the scroll labeled QUTIH KERPHUZINT, it crumbles to dust.
The creatures around you are filled with an inner flame!
It was a scroll of immolation.
The warg barely misses you. The warg bites you!
* * * LOW HITPOINT WARNING * * *
The orc warrior hits you with a +0 battleaxe!
* * * LOW HITPOINT WARNING * * *
The hippogriff bites you.
* * * LOW HITPOINT WARNING * * *
You block the hippogriff's attack. x2
The orc priest calls down the wrath of Beogh upon you.
Beogh smites you!
You die...

#......
#.....# ##
#.....##.## .
##.....#...#..
#............o
#.....oZ.o....
#....oooloo...
#..[.o.#
#....@h#
#....hH#
#......).#
#........+
#......T.#
#........#
#.........
............
≈≈≈≈≈≈≈≈≈≈≈≈≈


You could see a hippogriff (inner flame), a troll (inner flame), 2 wargs, 2 orc
warriors, a wyvern (inner flame), an orc priest (inner flame), an orc wizard
(inner flame), 2 orcs and a centaur warrior skeleton (inner flame).

Vanquished Creatures
  A two-headed ogre (D:10)
  Pikel (D:6)
  Joseph (D:7)
  2 hippogriffs (D:7)
  2 wyverns (D:9)
  Sigmund (D:4)
  A vampire (D:9)
  Eustachio (D:8)
  Grum (D:9)
  A hungry ghost (D:8)
  Menkaure (D:4)
  Edmund (D:6)
  A water moccasin (D:6)
  Duvessa (D:6)
  A black bear (D:9)
  An eye of draining (D:7)
  An ice beast (D:6)
  5 orc warriors
  3 ogres
  3 slaves (D:6)
  4 wolves (D:9)
  A centaur (D:5)
  Blork the orc (D:7)
  Dowan (D:6)
  2 scorpions
  A water moccasin skeleton (D:7)
  5 killer bees (D:7)
  A wight (D:8)
  3 howler monkeys
  3 crimson imps
  2 quasits (D:9)
  2 jellies
  5 orc priests
  A bullfrog skeleton (D:8)
  A centaur zombie (D:4)
  5 hounds
  A centaur skeleton (D:8)
  An iguana (D:4)
  Ijyb (D:4)
  Natasha (thrice) (D:4)
  8 orc wizards
  A worker ant (D:8)
  A hound zombie (D:6)
  3 hound skeletons
  7 adders
  A shadow imp (D:8)
  An adder zombie (D:6)
  3 worms
  A dart slug (D:1)
  2 leopard geckos
  39 orcs
  5 bats
  4 giant cockroaches
  8 goblins
  4 hobgoblins
  6 jackals (D:2)
  14 kobolds
  A quokka (D:4)
  5 frilled lizards
  2 jackal skeletons (D:4)
  A rat (D:1)
191 creatures vanquished.

Vanquished Creatures (others)
  2 orcs
  4 toadstools (D:1)
6 creatures vanquished.

Grand Total: 197 creatures vanquished

Notes
Turn   | Place    | Note
-------+----------+-------------------------------------------
     0 | D:1      | Kuinu the Draconian Berserker began the quest for the Orb.
     0 | D:1      | Reached XP level 1. HP: 19/19 MP: 1/1
    31 | D:1      | Reached XP level 2. HP: 10/26 MP: 2/2
   983 | D:2      | Reached XP level 3. HP: 13/33 MP: 3/3
  1205 | D:2      | HP: 1/33 [poisoned by a kobold]
  1606 | D:2      | Found a faded altar of an unknown god.
  1638 | D:2      | Reached ** piety under Trog
  1838 | D:2      | Found a sacrificial altar of Ru.
  2123 | D:3      | Reached XP level 4. HP: 32/40 MP: 4/4
  2496 | D:3      | Reached skill level 4 in Axes
  3050 | D:3      | Reached XP level 5. HP: 33/46 MP: 5/5
  3099 | D:4      | Noticed Ijyb
  3765 | D:4      | Killed Ijyb
  3934 | D:4      | Found a staircase to the Ecumenical Temple.
  3946 | D:4      | Noticed Sigmund
  3952 | D:4      | Killed Sigmund
  3952 | D:4      | Reached skill level 5 in Axes
  3952 | D:4      | Reached skill level 1 in Stealth
  3952 | D:4      | Reached XP level 6. HP: 53/53 MP: 6/6
  3995 | D:4      | Noticed Natasha
  4010 | D:4      | Killed Natasha
  4075 | D:4      | Noticed Menkaure
  4085 | D:5      | Entered Level 5 of the Dungeon
  4101 | D:4      | Killed Menkaure
  4101 | D:4      | Reached skill level 6 in Axes
  4101 | D:4      | Your scales start taking on an icy white colour.
  4101 | D:4      | Reached XP level 7. HP: 28/60 MP: 7/7
  4101 | D:4      | Gained mutation: Your flesh is cold resistant. (rC+) [White
                  | Draconian growth]
  4139 | D:4      | Noticed Natasha
  4149 | D:4      | Killed Natasha
  4149 | D:4      | Reached skill level 5 in Fighting
  4161 | D:4      | Noticed Natasha
  4169 | D:4      | Killed Natasha
  4644 | D:5      | Found Sasiol's Armour Boutique.
  4661 | D:5      | Found a sacrificial altar of Ru.
  4699 | D:5      | Reached *** piety under Trog
  4699 | D:5      | Reached skill level 7 in Axes
  4741 | D:5      | Bought a +2 pair of gloves of strength for 279 gold pieces
  5040 | D:5      | Found an opulent altar of Gozag.
  5070 | D:5      | Found a radiant altar of Vehumet.
  5480 | D:6      | Reached XP level 8. HP: 65/69 MP: 8/8
  5515 | D:6      | Noticed Duvessa
  5515 | D:6      | Noticed Dowan
  5523 | D:6      | Killed Duvessa
  5530 | D:6      | Killed Dowan
  5544 | D:6      | Found Pusu's General Store.
  5580 | D:6      | Reached skill level 8 in Axes
  5580 | D:6      | Reached skill level 5 in Dodging
  5639 | D:6      | Noticed Edmund
  5661 | D:6      | Killed Edmund
  6318 | D:6      | Noticed Pikel
  6338 | D:6      | Killed Pikel
  6338 | D:6      | Reached skill level 9 in Axes
  6338 | D:6      | Reached XP level 9. HP: 64/78 MP: 9/9
  6759 | D:7      | Noticed Joseph
  6771 | D:7      | Killed Joseph
  6811 | D:7      | Found Vygiycy's Gadget Shoppe.
  7255 | D:7      | Reached skill level 10 in Axes
  7425 | D:7      | Found a runed translucent gate.
  7425 | D:7      | Found a runed translucent gate.
  7425 | D:7      | Found a runed translucent gate.
  7425 | D:7      | Noticed Tenar's ghost (novice GrFE)
  8051 | D:8      | Found a burning altar of Makhleb.
  8104 | D:8      | Noticed Eustachio
  8104 | D:8      | Noticed Blork the orc
  8118 | D:8      | Reached XP level 10. HP: 66/88 MP: 10/10
  8121 | D:8      | Killed Eustachio
  8148 | D:7      | Killed Blork the orc
  8840 | D:9      | Noticed Grum
  8849 | D:9      | Killed Grum
  8849 | D:9      | Reached skill level 11 in Axes
  8851 | D:9      | Reached **** piety under Trog
  9035 | D:9      | Reached skill level 1 in Shields
  9410 | D:10     | Entered Level 10 of the Dungeon
  9410 | D:10     | Noticed a two-headed ogre
  9414 | D:10     | Killed a two-headed ogre
  9423 | D:10     | Killed from afar by an orc priest

Levels and vault maps discovered:
D:1:      ldierk_walled_garden_2, layout_loops_ring, chequers_jeans,
          minmay_3d_cube
D:2:      layout_loops_ring, chequers_ecumenical_altar_simple,
          hangedman_ru_absence
D:3:      layout_basic, minmay_cupped
D:4:      layout_rooms, minmay_temple_entry_junction_2, first_ration, uniq_ijyb,
          uniq_menkaure, uniq_natasha, uniq_sigmund
D:5:      layout_basic, nicolae_overflow_crystal_walls, serial_shops,
          nicolae_shop_trees, basic_altar,
          nicolae_gozag_cash_rules_everything_around_me
D:6:      layout_layer_cave, kennysheep_windowed_goal, uniq_duvessa,
          uniq_edmund, uniq_pikel
D:7:      layout_basic, serial_shops, shop, gammafunk_ghost_necromancy,
          minmay_manual_mail, uniq_joseph
D:8:      layout_cave_pods, basic_altar, sword_in_stone
D:9:      layout_loops_ring, uniq_grum
D:10:     lemuel_castle_with_subvaults [lemuel_castle_interior_original],
          layout_irregular_city, david_orc_4, gammafunk_ghost_berserking_beasts

Skill      XL: |  1  2  3  4  5  6  7  8  9 10 |
---------------+-------------------------------+-----
Dodging        | 3 4 5 6 7 |  7.3
Fighting       | 4 5 6 8 9 |  9.2
Axes           | 4 5 6 7 9 10 11 | 11.7
Stealth        | 1 2 3 |  3.4
Shields        | 1 |  1.2
Maces & Flails | |  0.2

Action                   |  1- 3 |  4- 6 |  7- 9 | 10-12 || total
-------------------------+-------+-------+-------+-------++-------
Melee: Hand axe          |    70 |       |       |       ||    70
       Tailslap          |    10 |    14 |    37 |    11 ||    72
       War axe           |    47 |    75 |   289 |   105 ||   516
       Mace              |     7 |       |       |       ||     7
Invok: Berserk           |     4 |     6 |     8 |     3 ||    21
       Trog's Hand       |       |     2 |     6 |     2 ||    10
 Abil: Breathe Frost     |       |       |     3 |     1 ||     4
  Use: Scroll            |     4 |     5 |     2 |     5 ||    16
       Potion            |     1 |     2 |     3 |     3 ||     9
 Stab: Sleeping          |     3 |     1 |     4 |     4 ||    12
       Distracted        |       |       |     2 |       ||     2
  Eat: Chunk             |     4 |     5 |    17 |     8 ||    34
       Ration            |     2 |     1 |     2 |       ||     5
Armor: Skin              |    35 |    18 |   134 |    65 ||   252
Dodge: Dodged            |    78 |    43 |   256 |    97 ||   474
Block: Shield            |       |       |       |    61 ||    61

Table legend:
 A = Non-vault XP
 B = Vault XP
 C = Vault XP percentage of total XP
 D = Non-vault monster count
 E = Vault monster count
 F = Vault count percentage of total count
                 A         B        C        D         E       F
            +---------+---------+-------+---------+---------+-------
      Total |    5319 |    3845 |  42.0 |     155 |      33 |  17.6
            +---------+---------+-------+---------+---------+-------
        D:1 |      30 |       8 |  21.1 |      17 |       5 |  22.7
        D:2 |      47 |       0 |   0.0 |      19 |       0 |   0.0
        D:3 |     194 |       2 |   1.0 |      18 |       1 |   5.3
        D:4 |     329 |     449 |  57.7 |      14 |       4 |  22.2
        D:5 |     336 |       0 |   0.0 |      12 |       0 |   0.0
        D:6 |     628 |    1098 |  63.6 |      26 |       5 |  16.1
        D:7 |     921 |     999 |  52.0 |      17 |       7 |  29.2
        D:8 |     558 |     626 |  52.9 |      11 |       5 |  31.2
        D:9 |    1305 |     660 |  33.6 |      19 |       5 |  20.8
       D:10 |     971 |       3 |   0.3 |       2 |       1 |  33.3
            +---------+---------+-------+---------+---------+-------
